Map: Pride of Altaris LE

Players

Trap

  • Race: Protoss Protoss

Serral - Winner!

  • Race: Zerg Zerg

Event: TSL 8

VOD

Have the link to the VOD?

Description

Time

  • Played on: Dec. 12, 2021, 9:47 a.m.
  • Length: 7:48

All games in this series

Show
View Real Time Build Order
Export as new Build Order

Trap Protoss 

Build Orders: 1 Gate Expand, Mass Adepts 

Get SALT Encoding   

  12  0:00  Probe  
  13  0:13  Pylon  
  13  0:17  Probe (Chrono Boost)  
  14  0:26  Probe (Chrono Boost)  
  15  0:31  Probe (Chrono Boost)  
  16  0:42  Gateway  
  16  0:43  Probe  
  16  0:48  Assimilator  
  17  0:55  Probe  
  18  1:07  Probe  
  19  1:20  Probe  
  20  1:25  Nexus  
  20  1:35  Cybernetics Core  
  20  1:38  Probe  
  21  1:44  Assimilator  
  21  1:50  Probe  
  21  1:53  Pylon  
  22  2:02  Probe  
  23  2:09  Adept (Chrono Boost)  
  23  2:10  Probe  
  23  2:12  Warp Gate  
  26  2:19  Probe  
  26  2:20  Twilight Council  
  27  2:31  Probe (Chrono Boost)  
  27  2:34  Stalker  
  30  2:37  Probe (Chrono Boost)  
  32  2:47  Probe x2 (Chrono Boost)  
  33  2:52  Robotics Facility  
  33  2:53  Probe  
  33  2:56  Probe  
  35  3:08  Resonating Glaives (Chrono Boost), Gateway, Probe x2  
  37  3:18  Adept  
  39  3:21  Probe x2  
  41  3:29  Gateway  
  41  3:33  Gateway  
  41  3:38  Warp Prism (Chrono Boost)  
  41  3:46  Pylon  
  44  3:48  Probe x2  
  45  3:58  Gateway  
  45  4:00  Gateway  
  45  4:07  Adept x2  
  45  4:09  Observer  
  50  4:14  Pylon  
  50  4:15  Pylon  
  50  4:32  Adept x3  
  50  4:33  Adept  
  50  4:36  Pylon  
  58  4:38  Assimilator, Probe  
  58  4:39  Probe  
  60  4:56  Adept x3  
  60  4:57  Adept x2  
  60  4:59  Adept  
  72  5:07  Pylon  
  62  5:22  Adept x3  
  62  5:24  Adept x3  
  72  5:32  Immortal (Chrono Boost)  
  62  5:45  Adept x4  
  70  5:50  Adept  
  70  5:53  Adept  
  74  5:58  Pylon  
  74  6:07  Immortal (Chrono Boost)  
  72  6:24  Adept x5  
  72  6:25  Adept  
  84  6:42  Immortal (Chrono Boost)  
  76  6:54  Adept  
  76  6:55  Adept x5  
  68  7:09  Immortal (Chrono Boost)  
  72  7:23  Adept x5  
Show
View Real Time Build Order
Export as new Build Order

Serral Zerg - Winner!

Build Orders: Hatch First 

Get SALT Encoding   

  12  0:00  Drone  
  13  0:12  Overlord  
  13  0:17  Drone  
  14  0:30  Drone x2  
  17  0:35  Drone  
  17  0:52  Hatchery  
  17  0:55  Drone  
  17  0:58  Drone  
  18  1:09  Extractor  
  17  1:12  Spawning Pool  
  17  1:15  Drone  
  17  1:19  Drone  
  18  1:28  Drone  
  19  1:38  Drone  
  20  1:54  Overlord  
  20  2:01  Queen  
  22  2:03  Queen  
  22  2:04  Drone  
  22  2:06  Zergling x2  
  26  2:12  Metabolic Boost  
  26  2:14  Zergling x2  
  27  2:17  Drone  
  28  2:25  Drone  
  28  2:28  Drone  
  30  2:36  Drone  
  31  2:39  Queen  
  33  2:44  Hatchery  
  33  2:47  Overlord  
  33  2:50  Drone  
  33  2:51  Drone  
  34  2:56  Overlord  
  34  2:59  Drone  
  34  3:04  Queen  
  34  3:05  Drone  
  38  3:09  Drone  
  38  3:12  Drone x3  
  42  3:15  Drone x3  
  45  3:21  Drone  
  45  3:26  Extractor, Roach Warren  
  44  3:27  Queen  
  44  3:31  Drone  
  44  3:32  Drone  
  48  3:35  Drone  
  49  3:44  Overlord  
  49  3:47  Drone x3  
  52  3:53  Overlord  
  52  3:56  Drone, Queen x2  
  52  3:59  Zergling x2  
  52  4:01  Overlord  
  58  4:03  Zergling x4  
  58  4:09  Zergling x4  
  62  4:13  Overlord  
  62  4:15  Queen  
  64  4:17  Spore Crawler  
  64  4:20  Roach x4  
  64  4:23  Roach  
  64  4:24  Roach  
  75  4:29  Spore Crawler  
  77  4:31  Roach x2  
  77  4:33  Spore Crawler  
  77  4:37  Roach x2  
  80  4:42  Roach  
  80  4:43  Roach  
  80  4:44  Roach  
  86  4:46  Overlord  
  86  4:50  Overlord  
  86  4:55  Overlord  
  86  5:03  Lair  
  86  5:04  Zergling x12  
  86  5:05  Zergling x2  
  93  5:12  Zergling x2, Roach x2  
  93  5:16  Zergling x4, Roach  
  93  5:21  Roach  
  92  5:26  Roach  
  89  5:29  Roach  
  89  5:31  Zergling x6  
  89  5:33  Zergling x4  
  89  5:35  Zergling x6, Roach  
  92  5:41  Roach  
  90  5:46  Queen  
  92  5:51  Queen  
  92  5:55  Drone  
  95  6:02  Glial Reconstitution  
  95  6:04  Extractor x2  
  94  6:06  Zergling x12  
  94  6:08  Zergling x2  
  94  6:12  Zergling x6  
  94  6:15  Zergling x2  
  98  6:21  Drone  
  98  6:22  Drone x4  
  102  6:34  Roach x2  
  102  6:35  Zergling x2  
  102  6:37  Overlord x2  
  104  6:49  Roach  
  104  6:51  Roach x2  
  104  6:52  Zergling x2, Roach  
  106  6:57  Roach x3  
  106  7:00  Zergling x2, Roach  
  106  7:01  Zergling x2, Roach  
  110  7:08  Roach x3  
  114  7:18  Overlord x2  
  114  7:19  Overlord  
Tags
 
Add a new tag
Caveats
  • Supply blocks, unpowered buildings, or Contaminate may cause inaccurate times.
  • Supply counts are checked every 10 seconds.